 Dungeon Crawl Stone Soup version 0.29.1-12-g30fa7ad0bf (webtiles) character file.

Game seed: 18291714363775640738

2021 retardedninja the Fighter (level 9, -2/79 (81) HPs)
             Began as a Minotaur Fighter on Jan 10, 2023.
             Slain by Maggie
             ... wielding a +2 halberd of draining
              (14 damage)
             ... on level 6 of the Dungeon.
             The game lasted 00:08:42 (6682 turns).

retardedninja the Fighter (Minotaur Fighter)        Turns: 6682, Time: 00:08:43

HP:   -2/79 (81)    AC: 13    Str: 24    XL:     9   Next: 3%
MP:   8/8           EV: 12    Int:  5    God:
Gold: 154           SH:  5    Dex: 11    Spells: 8/8 levels left

rFire   . . .      SeeInvis .   a - +0 war axe
rCold   . . .      Faith    .   c - +0 buckler
rNeg    . . .      Spirit   .   s - +0 chain mail
rPois   .          Reflect  .   (helmet restricted)
rElec   .          Harm     .   b - +0 cloak
rCorr   .          Rampage  .   h - +0 pair of gloves
Will    .....                   (no boots)
Stlth   ..........              (no amulet)
HPRegen 0.23/turn               m - +4 ring of evasion
MPRegen 0.11/turn               d - ring of flight

@: mighty, flying, mesmerised, lightly drained
A: horns 2, retaliatory headbutt
a: no special abilities


You were on level 6 of the Dungeon.
You visited 1 branch of the dungeon, and saw 6 of its levels.

You collected 154 gold pieces.

Inventory:

Hand Weapons
 a - a +0 war axe (weapon)
Missiles
 v - 2 throwing nets (quivered)
Armour
 b - a +0 cloak (worn)
 c - a +0 buckler (worn)
 h - a +0 pair of gloves (worn)
 s - a +0 chain mail (worn)
Jewellery
 d - a ring of flight (right hand)
 m - a +4 ring of evasion (left hand)
 w - a +4 ring of evasion
Scrolls
 g - 5 scrolls of butterflies
 i - 2 scrolls of teleportation
 l - 2 scrolls of torment {unknown}
 o - 2 scrolls of silence {unknown}
 q - a scroll of vulnerability {unknown}
 r - 4 scrolls of immolation {unknown}
 t - a scroll of brand weapon {unknown}
 u - a scroll of amnesia {unknown}
 x - a scroll of identify
 y - a scroll of blinking {unknown}
Potions
 e - a potion of ambrosia
 f - 4 potions of curing
 j - 4 potions of brilliance
 k - a potion of lignification {unknown}
 n - a potion of heal wounds {unknown}
 p - a potion of mutation {unknown}
 z - a potion of might
 A - a potion of degeneration {unknown}


   Skills:
 + Level 8.0 Fighting
 + Level 7.5 Axes
 + Level 7.9 Armour
 + Level 7.9 Shields


You had 8 spell levels left.
You didn't know any spells.
Your spell library contained the following spells:

 Spells                   Type           Power      Damage    Failure   Level
 Freeze                   Ice            0%         1d3       98%         1
 Frozen Ramparts          Ice            0%         1d1       100%        3
 Hailstorm                Conj/Ice       0%         3d3       100%        4


Dungeon Overview and Level Annotations

Branches:
Dungeon (6/15)
 Temple: D:4-7

Altars:
Ashenzari
Vehumet
Zin
The Shining One

Annotations:
D:3 3 runed translucent doors, FatusPotatus's ghost, amateur HOMo
D:4 Natasha
D:6 Grinder; Maggie; Prince Ribbit


Innate Abilities, Weirdness & Mutations

You have a pair of horns on your head.
You reflexively headbutt those who attack you in melee.


Message History

You closely miss Prince Ribbit.
Prince Ribbit asks, "Just a little smooch?"
Prince Ribbit closely misses you. You furiously retaliate!
You headbutt Prince Ribbit.
The howler monkey completely misses you.
Prince Ribbit hits you. Maggie gestures at you while chanting.
The bolt of fire hits you!!
You are too injured to fight recklessly!
Unknown command.
You are too injured to fight recklessly!
You feel very mighty all of a sudden. The howler monkey closely misses you.
You furiously retaliate!
You headbutt the howler monkey!
Prince Ribbit hits you but does no damage.
You slice the howler monkey!!
You kill the howler monkey!
You slash Prince Ribbit! Prince Ribbit hits you.
Prince Ribbit blinks!
Maggie hits you but does no damage.
You feel drained.
Your life force feels restored.
Your Fighting skill increases to level 8!
Prince Ribbit blinks!
Maggie completely misses you.
Maggie hits you with a +2 halberd of draining.
You feel drained.
Prince Ribbit blinks!
Maggie mumbles some strange words.
Maggie attempts to bespell you!
You are mesmerised by Maggie!
The orc closely misses you.
You slice Maggie!!
Maggie is heavily wounded.
You slash the orc!
You kill the orc!
Maggie gestures at you while chanting. The bolt of fire hits you!!
* * * LOW HITPOINT WARNING * * *
You feel better.
Grinder comes into view.
Maggie hits you with a +2 halberd of draining!
You die...

......#..##.##...
#.....(.........
...#......†.#.......
........##....F#
........#.....# ###
#.#..>#.......###5...
##.#..##............#
.......#..†§#..)....# #
#......###.@@....#
####.##.....##.........#
#.....<..##†.........>..
..............).........
...............#........
....###...#####.#....###
...# #.#..# ....... #..
#....# .......# ##
#..###


You could see Maggie (mesmerising), Prince Ribbit and Grinder.

Vanquished Creatures
  Sigmund (D:3)
  Eustachio (D:4)
  Menkaure (D:5)
  A water moccasin (D:5)
  3 black bears
  An ice beast (D:5)
  A bullfrog (D:6)
  4 scorpions
  6 killer bees (D:5)
  2 howler monkeys (D:6)
  An orc priest (D:3)
  Crazy Yiuf (D:3)
  A hound (D:5)
  Jessica (D:2)
  2 iguanas
  2 orc wizards
  Natasha (D:4)
  Robin (D:3)
  7 gnolls
  9 adders
  A worm (D:3)
  4 dart slugs
  8 orcs
  10 ball pythons
  7 bats
  10 endoplasms
  2 giant cockroaches (D:4)
  10 goblins
  10 hobgoblins
  2 jackals (D:2)
  3 quokkas
  4 frilled lizards
  8 kobolds
  4 rats
130 creatures vanquished.

Vanquished Creatures (others)
  A fungus (D:2)
1 creature vanquished.

Grand Total: 131 creatures vanquished

Notes
Turn   | Place    | Note
-------+----------+-------------------------------------------
     0 | D:1      | retardedninja the Minotaur Fighter began the quest for the
                  | Orb.
     0 | D:1      | Reached XP level 1. HP: 19/19 MP: 0/0
   269 | D:1      | Reached XP level 2. HP: 27/27 MP: 1/1
   465 | D:1      | Reached skill level 4 in Fighting
   671 | D:1      | Reached XP level 3. HP: 18/33 MP: 2/2
  1255 | D:2      | Found a radiant altar of Vehumet.
  1799 | D:2      | Reached XP level 4. HP: 33/40 MP: 3/3
  2243 | D:3      | Noticed Jessica
  2568 | D:2      | Killed Jessica
  2569 | D:2      | Reached XP level 5. HP: 31/47 MP: 4/4
  3261 | D:3      | Found a runed translucent gate.
  3261 | D:3      | Found a runed translucent gate.
  3261 | D:3      | Found a runed translucent gate.
  3269 | D:3      | Noticed FatusPotatus's ghost (amateur HOMo)
  3394 | D:3      | Noticed Sigmund
  3402 | D:3      | Killed Sigmund
  3403 | D:3      | Reached skill level 5 in Fighting
  3403 | D:3      | Reached skill level 5 in Armour
  3403 | D:3      | Reached skill level 5 in Shields
  3403 | D:3      | Reached XP level 6. HP: 49/56 MP: 5/5
  3464 | D:3      | Noticed Robin
  3479 | D:3      | Killed Robin
  3792 | D:3      | Found a runed translucent door.
  3793 | D:3      | Noticed Crazy Yiuf
  3987 | D:3      | Killed Crazy Yiuf
  4098 | D:4      | Noticed Eustachio
  4145 | D:4      | Killed Eustachio
  4146 | D:4      | Reached skill level 5 in Axes
  4146 | D:4      | Reached XP level 7. HP: 17/62 MP: 6/6
  4683 | D:4      | Reached skill level 6 in Fighting
  4734 | D:4      | Found a glowing golden altar of the Shining One.
  4909 | D:4      | Noticed Natasha
  4917 | D:4      | Killed Natasha
  4967 | D:4      | Found a broken altar of Ashenzari.
  4968 | D:4      | Noticed Natasha
  5451 | D:5      | Entered Level 5 of the Dungeon
  5621 | D:5      | Reached XP level 8. HP: 47/71 MP: 7/7
  5863 | D:5      | Noticed Menkaure
  5872 | D:5      | Killed Menkaure
  5873 | D:5      | Reached skill level 7 in Fighting
  6067 | D:5      | Identified the +1 leather armour of Midnight {rC+}
  6476 | D:5      | Found a glowing silver altar of Zin.
  6667 | D:6      | Reached XP level 9. HP: 69/81 MP: 8/8
  6671 | D:6      | Noticed Maggie
  6672 | D:6      | Noticed Prince Ribbit
  6678 | D:6      | Reached skill level 8 in Fighting
  6682 | D:6      | Noticed Grinder
  6682 | D:6      | Slain by Maggie

Illustrated notes

Levels and vault maps discovered:
D:1:      spicycebolla_green_bress_n_ham, layout_basic, minmay_tetromino_t2
D:2:      layout_loops_ring, basic_altar, serial_aquarium,
          aquarium_bridge_square [aquarium_subvault_wall,
          aquarium_subvault_bridge, aquarium_subvault_balcony,
          aquarium_subvault_wall], aquarium_window_fake, aquarium_window_corner,
          aquarium_window_2, aquarium_window_2, aquarium_view_2c,
          aquarium_view_2f, aquarium_pool_side, minmay_misc_feat_plants
D:3:      layout_loops_ring, ebering_ghost_rock_garden, uniq_crazy_yiuf_cottage,
          uniq_sigmund, uniq_robin, uniq_jessica
D:4:      layout_loops_corners, kennysheep_little_box,
          ashenzari_conservatory_becter, uniq_eustachio, uniq_natasha
D:5:      layout_cave_pods, mainiacjoe_overflow_alcove_1, uniq_menkaure
D:6:      layout_cave_pools, hangedman_abyss_or_decor_lesser_grid,
          grunt_tough_drop, uniq_grinder, uniq_prince_ribbit1, uniq_maggie

Skill      XL: |  1  2  3  4  5  6  7  8  9 |
---------------+----------------------------+-----
Shields        | 4 5 6 7 |  7.9
Fighting       | 4 5 6 7 8 |  8.0
Armour         | 4 5 6 7 |  7.9
Axes           | 3 4 5 6 7 |  7.5

Action                   |  1- 3 |  4- 6 |  7- 9 || total
-------------------------+-------+-------+-------++-------
Melee: War axe           |    93 |   104 |   131 ||   328
       Headbutt          |     7 |    19 |    21 ||    47
  Use: Scroll            |       |     6 |       ||     6
       Potion            |       |     1 |     4 ||     5
Armor: Scale mail        |    63 |    51 |       ||   114
       Chain mail        |       |    45 |    78 ||   123
Dodge: Dodged            |    60 |   108 |    97 ||   265
Block: Buckler           |    23 |    36 |    30 ||    89
